 Dungeon Crawl Stone Soup version 0.26-a0-1013-gf6ffb0d6bd (webtiles) character file.

Game seed: 3090216072931545204

219 lunkers the Slinger (level 6, -4/43 HPs)
             Began as a Halfling Hunter on Dec 7, 2020.
             Slain by a two-headed ogre
             ... wielding a +0 giant spiked club
              (20 damage)
             ... on level 3 of the Dungeon.
             The game lasted 00:03:00 (1819 turns).

lunkers the Slinger (Halfling Hunter)               Turns: 1819, Time: 00:03:01

Health: -4/43      AC:  3    Str: 15    XL:     6   Next: 17%
Magic:  6/6        EV: 14    Int:  9    God:
Gold:   172        SH:  0    Dex: 15    Spells: 5/5 levels left

rFire    . . .     SeeInvis .   a - +1 hunting sling
rCold    . . .     Faith    .   (shield restricted)
rNeg     . . .     Spirit   .   c - +0 leather armour
rPois    .         Reflect  .   (no helmet)
rElec    .         Harm     .   (no cloak)
rCorr    .         Rampage  .   (no gloves)
Will     .....                  (no boots)
Stlth    ++........             (no amulet)
HPRegen  0.14/turn              (no ring)
MPRegen  0.10/turn              (no ring)

@: no status effects
A: small, mutation resistance 1
a: no special abilities


You were on level 3 of the Dungeon.
You visited 1 branch of the dungeon, and saw 3 of its levels.

You collected 172 gold pieces.

Inventory:

Hand Weapons
 a - a +1 hunting sling (weapon)
 b - a +0 short sword
 t - a +2 short sword of protection
Missiles
 d - 33 sling bullets
 e - 3 stones (quivered)
Armour
 c - a +0 leather armour (worn)
Jewellery
 j - a +4 ring of evasion {unknown}
Wands
 q - a wand of polymorph (6)
 s - a wand of disintegration (10)
Scrolls
 g - a scroll of identify {unknown}
 h - a scroll of fog {unknown}
 i - a scroll of remove curse {unknown}
 k - a scroll of fear {unknown}
 l - 2 scrolls of enchant armour {unknown}
 o - a scroll of noise {unknown}
 r - a scroll of magic mapping {unknown}
Potions
 f - 2 potions of mutation {unknown}
 m - a potion of might {unknown}
 n - a potion of brilliance {unknown}
 p - a potion of degeneration {unknown}
 u - 3 potions of heal wounds {unknown}
 v - a potion of flight {unknown}


   Skills:
 + Level 4.0 Fighting
 + Level 8.2 Slings
 - Level 2.1 Dodging
 - Level 1.1 Stealth


You had 5 spell levels left.
You didn't know any spells.
Your spell library was empty.

Dungeon Overview and Level Annotations

Branches:
Dungeon (3/15)

Altars:
Dithmenos
Nemelex Xobeh
Yredelemnul

Annotations:
D:2 2 transporters


Innate Abilities, Weirdness & Mutations

You are small and have problems with some larger weapons.
You are somewhat resistant to further mutation.


Message History

The two-headed ogre is moderately wounded.
You shoot a stone.
The stone barely misses the two-headed ogre.
You shoot a stone.
The stone hits the two-headed ogre but does no damage.
The two-headed ogre is moderately wounded.
The two-headed ogre barely misses you.
The two-headed ogre hits you with a +0 giant spiked club!
You shoot a stone. The stone hits the two-headed ogre.
The two-headed ogre is moderately wounded.
You see here an adder corpse.
Evoke which item? (* to show all) (? for menu, Esc to quit)
Aiming: Disintegrate
Press: ? - help, Shift-Dir - straight line, f/p - two-headed ogre
Aim: a two-headed ogre, wielding two +0 giant spiked clubs (moderately wounded, chance to resist: 52%)
The two-headed ogre is blasted!
The two-headed ogre hits you with a +0 giant spiked club!
* * * LOW HITPOINT WARNING * * *
The two-headed ogre hits you with a +0 giant spiked club!!
You die...

#.#.#.# ###.#### #.#)#.# #.# #.#
#.#.#.# #.# #.# #.#.#.# #.# #.#
#.....# ..######.########
####.### # #...............#
#......#.#####.#####....>....# #
#.##.#.#....[..#####...#####.##..
#.##............@O...†.##......
.....#.#######.#####.#.##.##.#
#.##.#.# #.#####.#.......###
#......## ##.......#.........#
#.......# #...######.##.##.#.#
#.##.##)# #...# #.##.##.# #. #.
#[# #...# #.##.((.#.# .. #.#
#...# #......(..# .#
#)#####...######..#....((#


You could see a two-headed ogre.

Vanquished Creatures
  Jessica (D:2)
  A worker ant (D:2)
  Terence (D:2)
  7 adders
  3 worms
  2 dart slugs
  3 leopard geckos
  7 orcs
  5 bats
  A giant cockroach (D:2)
  9 goblins
  5 hobgoblins
  3 jackals (D:1)
  7 kobolds
  2 ball pythons (D:1)
  4 frilled lizards (D:2)
  9 rats
70 creatures vanquished.

Vanquished Creatures (others)
  A plant (D:1)
1 creature vanquished.

Grand Total: 71 creatures vanquished

Notes
Turn   | Place    | Note
-------+----------+-------------------------------------------
     0 | D:1      | lunkers the Halfling Hunter began the quest for the Orb.
     0 | D:1      | Reached XP level 1. HP: 14/14 MP: 1/1
    58 | D:1      | Reached skill level 6 in Slings
    83 | D:1      | Reached XP level 2. HP: 19/19 MP: 2/2
   489 | D:1      | Reached XP level 3. HP: 25/25 MP: 3/3
   955 | D:2      | Reached XP level 4. HP: 30/30 MP: 4/4
   969 | D:2      | Reached skill level 7 in Slings
  1049 | D:2      | Found a sparkling altar of Nemelex Xobeh.
  1107 | D:2      | Found a transporter.
  1118 | D:2      | Found a transporter.
  1123 | D:2      | Noticed a centaur
  1123 | D:2      | Noticed an orc warrior
  1126 | D:2      | Found a basalt altar of Yredelemnul.
  1206 | D:2      | Noticed Terence
  1216 | D:2      | Killed Terence
  1332 | D:2      | Found a shadowy altar of Dithmenos.
  1335 | D:2      | Noticed Jessica
  1343 | D:2      | Killed Jessica
  1344 | D:2      | Reached XP level 5. HP: 36/36 MP: 5/5
  1600 | D:3      | Reached skill level 8 in Slings
  1673 | D:3      | Reached XP level 6. HP: 43/43 MP: 6/6
  1796 | D:3      | Noticed a two-headed ogre
  1819 | D:3      | Slain by a two-headed ogre

Illustrated notes

Levels and vault maps discovered:
D:1:      dpeg_arrival_simpleton_b, layout_basic, kennysheep_boxes
D:2:      layout_rooms, gammafunk_temple_overflow_arena,
          nemelex_xobeh_ov_fountains_minmay, lemuel_doored_altar, st_stairs_9,
          uniq_jessica, uniq_terence
D:3:      layout_loops_cross

Skill      XL: |  1  2  3  4  5  6 |
---------------+-------------------+-----
Slings         | 6 7 8 |  8.2
Fighting       | 2 3 4 |  4.0
Dodging        | |  2.1
Stealth        | |  1.1

Action                   |  1- 3 |  4- 6 || total
-------------------------+-------+-------++-------
 Fire: Hunting sling     |    83 |   138 ||   221
Evoke: Wand              |       |     1 ||     1
Armor: Leather armour    |     8 |     3 ||    11
Dodge: Dodged            |    15 |    35 ||    50

Table legend: (Time is in decaauts)
 A = Elapsed time spent in this place.
 B = Non-inter-level travel time spent in this place.
 C = Inter-level travel time spent in this place.
 D = Time resting spent in this place.
 E = Time spent auto-exploring this place.
 F = Levels seen in this place.
 G = Mean time per level.
                   A        B        C        D        E       F      G
               +--------+--------+--------+--------+--------+-----+--------+
         Total |   1782 |   1745 |     37 |      0 |   1351 |   3 |  594.0 |
       Dungeon |   1782 |   1745 |     37 |      0 |   1351 |   3 |  594.0 |
               +--------+--------+--------+--------+--------+-----+--------+

Top non-repeatable levels by time:
     D:1: 811 daAuts
     D:2: 663 daAuts
     D:3: 308 daAuts
